 Dungeon Crawl Stone Soup version 0.30-a0-632-g346586fe48 (webtiles) character file.

Game seed: 14163229371648833612

117356 drugrobin the Sensei (level 15, -2/119 HPs)
             Began as a Demigod Delver on Jan 13, 2023.
             Slain by a goliath frog (16 damage)
             ... on level 1 of the Swamp.
             The game lasted 01:37:59 (27740 turns).

drugrobin the Sensei (Demigod Delver)              Turns: 27740, Time: 01:37:59

Health: -2/119     AC: 16    Str: 16    XL:     15   Next: 75%
Magic:  18/18      EV: 18    Int: 22    God:
Gold:   1658       SH:  5    Dex: 24    Spells: 2/14 levels left

rFire   + + .      SeeInvis .      - Unarmed
rCold   x x .      Faith    .    l - +0 buckler
rNeg    + . .      Spirit   .    L - +3 salamander hide armour {Flames, rFlCloud rF++ rC--}
rPois   +          Reflect  .    B - +0 helmet {Int+3}
rElec   .          Harm     .    I - +2 ratskin cloak {*Rats rPois rN+ Str-1 Int-1 Dex+1}
rCorr   .          Rampage  .    X - +3 pair of gauntlets of War {Slay+5}
Will    +....                    Q - +1 pair of boots of Broken Taboos {Slay+3}
Stlth   +++                      x - amulet of the acrobat
HPRegen 0.39/turn                z - +4 ring of protection
MPRegen 0.16/turn                c - +4 ring of slaying

@: corroded
A: high MP 1, forlorn, divine attributes, frail 1
a: no special abilities


You were on level 1 of the Swamp.
You visited 4 branches of the dungeon, and saw 21 of its levels.
You also visited: Bailey, Ice Cave and Volcano.

You collected 2708 gold pieces.
You spent 1050 gold pieces at shops.

Inventory:

Hand Weapons
 b - a +1 sling of electrocution
 d - a +2 dagger of venom
Missiles
 m - 5 throwing nets
 J - 21 boomerangs
 M - 24 poisoned darts
Armour
 l - a +0 buckler (worn)
 B - a +0 helmet of intelligence (worn)
 I - the +2 ratskin cloak (worn) {*Rats rPois rN+ Str-1 Int-1 Dex+1}
   (You found it on level 5 of the Dungeon)

   *Rats:     When the wearer is hurt, rats may emerge from it to assist them.
   Str:       It affects your strength (-1).
   Int:       It affects your intelligence (-1).
   Dex:       It affects your dexterity (+1).
   rPois:     It protects you from poison.
   rN:        It protects you from negative energy.
 L - the +3 salamander hide armour (worn) {Flames, rFlCloud rF++ rC--}
   (You found it on level 12 of the Dungeon)

   Flames:    It surrounds you with flame clouds and enhances your fire magic.
   rFlCloud:  It grants immunity to flame clouds.
   rF:        It greatly protects you from fire.
   rC:        It makes you very vulnerable to cold.
 Q - the +1 pair of boots of Broken Taboos (worn) {Slay+3}
   (You found it on level 7 of the Dungeon)

   Slay:      It affects your accuracy & damage with ranged weapons and melee
   (+3).
 X - the +3 pair of gauntlets of War (worn) {Slay+5}
   (You found it on level 5 of the Lair of Beasts)

   Slay:      It affects your accuracy & damage with ranged weapons and melee
   (+5).
 Z - a scarf of resistance
Jewellery
 c - a +4 ring of slaying (right hand)
 h - a ring of resist corrosion
 o - a ring of see invisible
 x - an amulet of the acrobat (around neck)
 z - a +4 ring of protection (left hand)
 O - a ring of willpower
Wands
 f - a wand of digging (4)
 t - a wand of mindburst (23)
 A - a wand of light (3)
 D - a wand of charming (15)
 E - a wand of polymorph (21)
 N - a wand of roots (13)
Scrolls
 a - a scroll of silence
 e - 3 scrolls of vulnerability
 k - 4 scrolls of fog
 n - 5 scrolls of immolation
 r - 3 scrolls of magic mapping
 w - 6 scrolls of fear
 y - 15 scrolls of teleportation
 G - 9 scrolls of blinking
 W - 2 scrolls of poison
Potions
 g - 3 potions of attraction
 p - 12 potions of curing
 q - 10 potions of heal wounds
 s - 10 potions of might
 u - 4 potions of lignification
 C - 3 potions of invisibility
 F - a potion of ambrosia
 H - 3 potions of haste
 K - 3 potions of cancellation
 V - a potion of berserk rage
 Y - a potion of resistance
Miscellaneous
 R - a lightning rod (4/4)
 S - a phantom mirror
 T - a condenser vane


   Skills:
 + Level 12.2 Fighting
 + Level 8.4 Dodging
 - Level 4.5 Stealth
 + Level 21.1 Unarmed Combat
 - Level 8.0 Transmutations
 - Level 4.0 Evocations


You had 2 spell levels left.
You knew the following spells:

 Your Spells              Type           Power      Damage    Failure   Level
a - Blade Hands           Tmut           17%        N/A       28%         5
b - Spider Form           Tmut/Pois      17%        N/A       16%         3
c - Ice Form              Ice/Tmut       17%        N/A       47%         4

Your spell library contained the following spells:

 Spells                   Type           Power      Damage    Failure   Level
 Magic Dart               Conj           0%         1d3       28%         1
 Call Imp                 Summ           0%         N/A       38%         2
 Cigotuvi's Dreadful Rot  Necr/Pois/Air  0%         N/A       38%         2
 Ensorcelled Hibernation  Hex/Ice        0%         N/A       38%         2
 Searing Ray              Conj           0%         2d4       38%         2
 Sublimation of Blood     Necr           0%         N/A       38%         2
 Petrify                  Tmut/Erth      17%        N/A       47%         4
 Gell's Gravitas          Tloc           0%         N/A       63%         3
 Hailstorm                Conj/Ice       0%         3d3       63%         3
 Inner Flame              Hex/Fire       0%         N/A       63%         3
 Lesser Beckoning         Tloc           0%         N/A       63%         3
 Mephitic Cloud           Conj/Pois/Air  0%         N/A       63%         3
 Ozocubu's Armour         Ice            0%         N/A       63%         3
 Portal Projectile        Hex/Tloc       0%         N/A       63%         3
 Teleport Other           Tloc           0%         N/A       63%         3
 Tukima's Dance           Hex            0%         N/A       63%         3
 Alistair's Intoxication  Tmut/Pois      11%        N/A       83%         5
 Irradiate                Conj/Tmut      8%         3d14      83%         5
 Anguish                  Hex/Necr       0%         N/A       95%         4
 Animate Armour           Summ/Erth      0%         N/A       95%         4
 Cause Fear               Hex            0%         N/A       95%         4
 Dispel Undead            Necr           0%         3d6       95%         4
 Fulminant Prism          Conj/Hex       0%         3d5       95%         4
 Borgnjor's Vile Clutch   Necr/Erth      0%         N/A       100%        5
 Summon Forest            Summ/Tloc      0%         N/A       100%        5
 Death Channel            Necr           0%         N/A       100%        6
 Eringya's Noxious Bog    Tmut/Pois      8%         N/A       100%        6
 Iron Shot                Conj/Erth      0%         9d1       100%        6
 Simulacrum               Ice/Necr       0%         N/A       100%        6
 Ozocubu's Refrigeration  Ice            0%         4d7       100%        7
 Summon Hydra             Summ           0%         N/A       100%        7
 Discord                  Hex            0%         N/A       100%        8


Dungeon Overview and Level Annotations

Branches:
Dungeon (13/15)            Temple (0/1) D:4            Lair (5/5) D:10
  Swamp (1/4) Lair:3        Snake (0/4) Lair:2        Slime (0/5) Lair:5
    Orc (2/2) D:11            Elf (0/3) Orc:2        Vaults (0/5) D:13
 Bailey (visited)           IceCv (visited)         Volcano (visited)

Shops:
D:2 [   D:8 (!(   D:10 [   D:11 (=**   Orc:2 **(*=

Portals:
Pandemonium: Orc:2

Annotations:
D:8 2 transporters, drugrobin's ghost, novice DgDe


Innate Abilities, Weirdness & Mutations

You have an increased reservoir of magic. (+10% MP)
You shall have no god before yourself.
Your divine heritage dramatically boosts your attributes as you level up.
You are frail. (-10% HP)


Message History

Unknown command.
You barely miss the bunyip.
The bunyip is lightly wounded.
The goliath frog is engulfed in blazing flames.
You block the goliath frog's attack.
Unknown command.
Unknown command.
You pummel the bunyip!!
The bunyip is heavily wounded.
Your river rat bites the bunyip.
The goliath frog is engulfed in blazing flames.
The goliath frog hits you!
You are splashed with acid!
Unknown command.
Unknown command.
You completely miss the bunyip.
The bunyip is heavily wounded.
Your river rat barely misses the bunyip.
Unknown command.
Unknown command.
Unknown command.
You pummel the bunyip!!
The bunyip is almost dead.
The goliath frog is engulfed in blazing flames.
You kill the goliath frog!
A swamp worm comes into view.
The bunyip is engulfed in blazing flames.
The bunyip claws you!!
* * * LOW HITPOINT WARNING * * *
The bunyip barely misses you. The bunyip claws you.
* * * LOW HITPOINT WARNING * * *
Unknown command.
Unknown command.
Unknown command.
Unknown command.
Unknown command.
You hit the bunyip but do no damage.
The bunyip is almost dead.
The goliath frog is engulfed in a cloud of scalding steam.
The goliath frog hits you from afar!
You die...

~~.♣.~.~~~♣♣
♣~~♣ ~~
♣♣.~~.~~
♣♣.[♣ .
♣.....♣♣
♣.~~♣ ♣♣.~~~~
♣~..♣ ♣.~♣~.♣
♣♣~..♣ ♣.~.♣♣
♣♣~.♣♣ ♣○○○§♣
♣°@°♣♣ ♣○○xr♣
~.§F.♣♣
...♣..§.
♣.~~.~~~~~
♣.~♣~~~....
♣.~~.~~.~~~.
♣♣~~.~[..~.w♣


You could see a bunyip (ally target), a goliath frog, a swamp worm and a
friendly river rat.

Vanquished Creatures
  Rupert (D:12)
  A frost giant (IceCv)
  Nessos (D:13)
  A dire elephant (Lair:3)
  An ettin (Orc:1)
  6 hydras
  An ogre mage (Orc:2)
  A ghost crab (Swamp:1)
  Erica (D:8)
  2 catoblepae (Lair:4)
  A demonspawn (Orc:2)
  6 two-headed ogres
  A centaur warrior (D:13)
  2 boulder beetles
  12 death yaks
  A tengu warrior (D:13)
  Urug (D:13)
  7 orc high priests (Orc:2)
  A soul eater (Orc:2)
  Amaemon (D:8)
  A salamander mystic (D:12)
  3 goliath frogs
  4 swamp dragons (Swamp:1)
  A spriggan druid (Swamp:1)
  Pikel (D:9)
  3 bog bodies
  4 orc knights (Orc:2)
  3 lindwurms
  5 orc sorcerers
  2 ugly things (D:13)
  3 cyclopes
  An oklob plant (Lair:2)
  3 salamanders (D:12)
  36 elephants
  2 manticores
  Maurice (Orc:2)
  4 black mambas
  A rust devil (Orc:2)
  An ice statue (IceCv)
  23 cane toads
  2 molten gargoyles (Volcano)
  A gargoyle (D:12)
  An orange demon (D:8)
  4 unseen horrors
  4 torpor snails
  12 komodo dragons
  8 rime drakes
  3 efreet (Volcano)
  2 ice devils (Lair:1)
  12 polar bears
  3 hornets
  5 trolls
  3 tyrant leeches (Lair:5)
  12 blink frogs
  6 dream sheep (Lair:3)
  7 slime creatures (D:12)
  3 spriggans
  3 shadows
  A ynoxinul (Orc:2)
  3 fire elementals (Volcano)
  6 wyverns
  A wraith (D:13)
  16 humans (D:13)
  3 fire bats (Orc:1)
  57 yaks
  6 basilisks
  5 vampire mosquitoes (Lair:5)
  A swamp worm (Lair:3)
  A warg (D:11)
  2 nagas (Lair:2)
  3 acid dragons
  12 water moccasins
  Duvessa (D:5)
  A swamp drake (Swamp:1)
  2 ice beasts (D:6)
  2 sky beasts
  5 black bears
  22 orc warriors
  2 lemures (D:9)
  32 wolves
  6 ogres
  5 centaurs
  A phantom (D:4)
  21 bullfrogs
  2 necrophages
  2 kobold brigands
  6 scorpions
  4 earth elementals (Volcano)
  9 gnoll sergeants (Bailey)
  3 wights (D:10)
  4 electric eels
  33 orc priests
  4 hounds
  7 gnoll boudas
  7 jellies
  16 orc wizards
  7 iguanas
  24 gnolls
  10 adders
  3 shadow imps
  5 white imps
  2 ufetubi (D:6)
  A worm (D:2)
  3 dart slugs
  55 orcs
  6 ball pythons
  5 bats
  8 endoplasms
  5 giant cockroaches
  10 goblins
  8 hobgoblins
  6 jackals
  5 quokkas
  A frilled lizard (D:3)
  13 kobolds
  9 rats
  3 fire vortices (Volcano)
745 creatures vanquished.

Vanquished Creatures (collateral kills)
  2 two-headed ogres
  A manticore (D:11)
  A komodo dragon (Lair:3)
  A blink frog (Lair:5)
  A wyvern (D:8)
  A yak (Lair:5)
  Edmund (D:4)
  An orc warrior (D:11)
  A wolf (Lair:1)
  3 bullfrogs
  A killer bee (D:6)
  An electric eel (Lair:5)
  A gnoll bouda (Bailey)
  An orc priest (D:11)
  2 gnolls (Bailey)
19 creatures vanquished.

Vanquished Creatures (others)
  A sky beast (D:6)
  176 fungi
  225 plants
402 creatures vanquished.

Grand Total: 1166 creatures vanquished

Notes
Turn   | Place    | Note
-------+----------+-------------------------------------------
     0 | D:5      | drugrobin the Demigod Delver began the quest for the Orb.
     0 | D:5      | Reached XP level 1. HP: 18/18 MP: 3/3
     7 | D:5      | Noticed a black bear
    10 | D:5      | Found the +2 ratskin cloak {*Rats rPois rN+ Str-1 Int-1
                  | Dex+1}
    52 | D:3      | Reached skill level 2 in Unarmed Combat
   228 | D:3      | Reached XP level 2. HP: 25/25 MP: 4/4
   275 | D:3      | Reached skill level 3 in Unarmed Combat
   455 | D:3      | Reached XP level 3. HP: 23/30 MP: 5/5
   693 | D:2      | Found Qipheklulu's Armour Shop.
   779 | D:1      | Reached skill level 4 in Unarmed Combat
   971 | D:1      | Reached XP level 4. HP: 34/37 MP: 6/6
  1548 | D:2      | Noticed a necrophage
  2084 | D:2      | Killed a necrophage
  2085 | D:2      | Reached skill level 5 in Unarmed Combat
  2085 | D:2      | Reached XP level 5. HP: 41/42 MP: 7/7
  2919 | D:4      | Found a staircase to the Ecumenical Temple.
  2933 | D:4      | Noticed a sky beast
  2951 | D:4      | Killed a sky beast
  2952 | D:4      | Reached skill level 6 in Unarmed Combat
  2998 | D:4      | a black bear changed into a naga
  2998 | D:4      | Noticed a naga
  3125 | D:4      | Reached XP level 6. HP: 45/50 MP: 8/8
  3558 | D:4      | a naga changed into an acid dragon
  3558 | D:4      | Noticed an acid dragon
  3571 | D:4      | Killed an acid dragon
  3822 | D:4      | Reached skill level 7 in Unarmed Combat
  4286 | D:4      | Reached XP level 7. HP: 56/56 MP: 9/9
  4332 | D:4      | Reached skill level 8 in Unarmed Combat
  5000 | D:5      | Noticed Dowan
  5042 | D:5      | Reached skill level 9 in Unarmed Combat
  5073 | D:5      | Noticed Edmund
  5115 | D:4      | Killed Edmund
  5116 | D:4      | Reached XP level 8. HP: 43/62 MP: 10/10
  5696 | D:5      | Noticed Duvessa
  5700 | D:5      | Killed Duvessa
  5701 | D:5      | Reached skill level 10 in Unarmed Combat
  5704 | D:5      | Dowan changed into Dowan the endoplasm
  5704 | D:5      | Noticed Dowan
  5709 | D:5      | Killed Dowan the endoplasm
  6189 | D:6      | Reached skill level 11 in Unarmed Combat
  6293 | D:6      | Reached XP level 9. HP: 62/68 MP: 11/11
  6866 | D:7      | Reached skill level 12 in Unarmed Combat
  6942 | D:7      | Noticed a two-headed ogre
  7087 | D:7      | Identified the +1 pair of boots of Broken Taboos {Slay+3}
  7158 | D:7      | Found a flagged portal.
  7178 | Bailey   | Entered a bailey
  7871 | Bailey   | Reached skill level 13 in Unarmed Combat
  8900 | D:8      | Found Nodghaeg's Antique Weapon Boutique.
  8931 | D:8      | Reached XP level 10. HP: 74/74 MP: 13/13
  8964 | D:8      | Reached skill level 14 in Unarmed Combat
  9135 | D:8      | Bought a fine spear for 256 gold pieces
  9135 | D:8      | Identified the +10 spear "Demon's Bane" {holy, Str-2 Int+3
                  | Dex+2} (You bought it in a shop on level 8 of the Dungeon)
  9271 | D:8      | Found Bamimoe's Distillery.
  9274 | D:8      | Bought a potion of flight for 42 gold pieces
  9274 | D:8      | Bought a potion of heal wounds for 70 gold pieces
  9274 | D:8      | Bought a potion of invisibility for 112 gold pieces
  9274 | D:8      | Bought a potion of lignification for 42 gold pieces
  9342 | D:8      | Noticed a cyclops
  9394 | D:8      | Noticed an entropy weaver
  9397 | D:8      | an entropy weaver changed into a basilisk
  9401 | D:8      | Found a transporter.
  9401 | D:8      | Found Edenege's Antique Weapon Shoppe.
  9405 | D:8      | Found a transporter.
  9430 | D:8      | Noticed drugrobin's ghost (novice DgDe)
  9460 | D:8      | Noticed Erica
  9620 | D:8      | Noticed a deep troll
  9632 | D:8      | Noticed a glowing orange brain
  9815 | D:9      | Noticed Pikel
  9844 | D:9      | Killed Pikel
  9917 | D:9      | Noticed a two-headed ogre
  9931 | D:9      | Killed a two-headed ogre
  9932 | D:9      | Reached skill level 15 in Unarmed Combat
 11416 | D:10     | Entered Level 10 of the Dungeon
 11419 | D:10     | Noticed a four-headed hydra
 11430 | D:10     | Killed a four-headed hydra
 11626 | D:10     | Reached XP level 11. HP: 84/84 MP: 14/14
 11669 | D:10     | Noticed a two-headed ogre
 11675 | D:10     | Killed a two-headed ogre
 11722 | D:10     | Found a staircase to the Lair.
 11809 | D:10     | Reached skill level 5 in Fighting
 11856 | D:10     | Found Rujalyoc's Antique Armour Shop.
 11876 | D:10     | Bought a shiny helmet for 247 gold pieces
 12358 | D:11     | Found Laafo's Assorted Antiques.
 12383 | D:11     | Bought a fizzy grey potion for 32 gold pieces
 12485 | D:11     | Found a staircase to the Orcish Mines.
 12800 | D:11     | Found Ixyus's Jewellery Shop.
 12849 | D:11     | Reached skill level 5 in Dodging
 12941 | D:11     | Noticed a boulder beetle
 12962 | D:11     | Killed a boulder beetle
 12978 | D:11     | Noticed a two-headed ogre
 12991 | D:11     | Killed a two-headed ogre
 13280 | D:11     | Found Okhasamo's General Store.
 13451 | D:11     | Found Fumnunoa's Antique Weapon Boutique.
 13613 | Lair:1   | Entered Level 1 of the Lair of Beasts
 13742 | Lair:1   | Reached skill level 16 in Unarmed Combat
 13868 | Lair:1   | Found a frozen archway.
 13946 | Lair:1   | Reached XP level 12. HP: 91/100 MP: 15/15
 13975 | IceCv    | Entered an ice cave
 15246 | IceCv    | Noticed a frost giant
 15297 | IceCv    | Killed a frost giant
 15435 | IceCv    | Reached skill level 17 in Unarmed Combat
 16218 | Lair:2   | Noticed a five-headed hydra
 16245 | Lair:2   | Killed a five-headed hydra
 16246 | Lair:2   | Reached XP level 13. HP: 60/111 MP: 16/16
 16660 | Lair:2   | Identified the +1 ring mail of Card Tricks {Int+3}
 16700 | Lair:2   | Reached skill level 10 in Fighting
 16888 | Lair:2   | Found a staircase to the Snake Pit.
 17629 | Lair:3   | Reached skill level 18 in Unarmed Combat
 17846 | Lair:3   | Found a staircase to the Swamp.
 18499 | Lair:3   | Learned a level 5 spell: Blade Hands
 18574 | Lair:3   | Reached skill level 1 in Transmutations
 18926 | Lair:4   | Reached XP level 14. HP: 125/125 MP: 17/17
 19013 | Lair:4   | Reached skill level 1 in Evocations
 19849 | Lair:5   | Entered Level 5 of the Lair of Beasts
 20482 | Lair:5   | Found the +3 pair of gauntlets of War {Slay+5}
 20577 | Lair:5   | Reached skill level 19 in Unarmed Combat
 20577 | Lair:5   | Reached skill level 5 in Transmutations
 21152 | Lair:5   | Found a staircase to the Slime Pits.
 21849 | D:8      | Killed Erica
 21852 | D:8      | Noticed Amaemon
 21888 | D:8      | Killed Amaemon
 22475 | D:12     | Found the +3 salamander hide armour {Flames, rFlCloud rF++
                  | rC--}
 22870 | D:13     | Noticed Urug
 22870 | D:13     | Noticed Rupert
 22870 | D:13     | Noticed Nessos
 22870 | D:13     | Found a gate to the Vaults.
 23152 | D:13     | Killed Nessos
 23254 | D:13     | Killed Urug
 23257 | D:13     | Reached XP level 15. HP: 119/132 MP: 18/18
 23325 | D:12     | Killed Rupert
 24286 | D:13     | Learned a level 3 spell: Spider Form
 24350 | Orc:1    | Entered Level 1 of the Orcish Mines
 24648 | Orc:1    | Found a dark tunnel.
 24677 | Volcano  | Entered a volcano
 25029 | Volcano  | Reached skill level 20 in Unarmed Combat
 25037 | Volcano  | Learned a level 4 spell: Ice Form
 25379 | Orc:2    | Entered Level 2 of the Orcish Mines
 25379 | Orc:2    | Found a staircase to the Elven Halls.
 25411 | Orc:2    | Noticed Maurice
 25442 | Orc:2    | Killed Maurice
 25777 | Orc:2    | Found Didyinug's General Store.
 25895 | Orc:2    | Found Oclota's General Store.
 26293 | Orc:2    | Bought a scroll of fear for 48 gold pieces
 26293 | Orc:2    | Bought a potion of curing for 36 gold pieces
 26571 | Orc:2    | Gained mutation: You are frail. (-10% HP) [a neqoxec]
 26604 | Orc:2    | Found Giduutta's Antique Weapon Emporium.
 26604 | Orc:2    | Found Yshriar's Jewellery Shoppe.
 26604 | Orc:2    | Found a one-way gate leading to the halls of Pandemonium.
 26607 | Orc:2    | Reached skill level 21 in Unarmed Combat
 26777 | Orc:2    | Found Loasotiw's Assorted Antiques.
 26795 | Orc:2    | Bought an agate ring for 165 gold pieces
 27359 | Swamp:1  | Entered Level 1 of the Swamp
 27740 | Swamp:1  | Slain by a goliath frog

Illustrated notes

Levels and vault maps discovered:
D:1:      lightli_arrival_noodles, layout_loops_ring
D:2:      layout_basic, serial_shops, nicolae_shop_waterfront
D:3:      layout_loops_corners, mainiacjoe_overflow_alcove_2,
          chequers_ecumenical_altar_twisty
D:4:      layout_layer_cave, minmay_temple_entry_metal_lava
D:5:      layout_rooms, zin_scriptorium, nicolae_vehumet_altar_sigil,
          mainiacjoe_overflow_surrounded_room, minitemple, serial_bayou,
          serial_bayou_pond_b, serial_bayou_pond_d, serial_bayou_pond_b,
          uniq_eustachio, uniq_edmund, uniq_duvessa
D:6:      cheibrodos_barr_body, layout_loops_ring,
          mainiacjoe_overflow_cross_hatched, mainiacjoe_overflow_brackets,
          chequers_arboretum, dk_noncrumbling_4
D:7:      layout_loops_cross, enter_bailey_5
D:8:      layout_rooms, serial_shops, kennysheep_mini, shop,
          nicolae_shop_advertising_works [nicolae_subvault_shop_adworks],
          nzn_ghost_randoct, uniq_erica, uniq_amaemon
D:9:      layout_basic, uniq_pikel
D:10:     layout_basic, due_lair_maze_entry_diamond, serial_shops,
          kennysheep_mini_moat
D:11:     layout_irregular_city, david_orc_1_choice, serial_shops,
          nicolae_shop_trees, shop, nicolae_stop_n_shop_2, shop,
          hangedman_corner_corridor
D:12:     layout_loops_cross, hellmonk_guarded_unrand_salamander
D:13:     layout_basic, david_vaults_3
Lair:1:   layout_regular_city, portal_ice_cave_demonic_guard,
          lemuel_fruit_fields
Lair:2:   layout_long_grid, guppyfry_snake_entry_island,
          gammafunk_lair_bear_cave, grunt_megastairs_1
Lair:3:   mu_elephants_graveyard, layout_long_grid,
          nicolae_swamp_entry_splash_gauntlet, nicolae_quartered_pool_impasse,
          beast_lair_carwin_9, lemuel_fruit_fields, uniq_rupert
Lair:4:   layout_loops_ring, chequers_serial_rivers_micro_e
Lair:5:   minmay_lair_end_frog_pond, layout_hall_layers,
          nicolae_slime_entry_field_trip, kennysheep_snail_temple,
          infiniplex_staircase_pool_2, serial_bayou_shore_a
Swamp:1:  layout_falls_marsh, nicolae_swamp_well_well_well
Orc:1:    layout_caves, nicolae_volcano_entry_batcave, mines1_david
Orc:2:    pf_orc_diabolical, layout_caves, serial_shops,
          nicolae_shop_overgrown_old_shop, uniq_maurice

Skill      XL: |  1  2  3  4  5  6  7  8  9 10 11 12 13 14 15 |
---------------+----------------------------------------------+-----
Unarmed Combat | 2 3 4 5 6 7 9 11 13 15 16 17 18 19 21 | 21.1
Dodging        | 3 6 8 |  8.4
Fighting       | 4 7 9 11 12 | 12.2
Transmutations | 2 7 8 |  8.0
Evocations     | 4 |  4.0
Stealth        | |  4.5

Action                   |  1- 3 |  4- 6 |  7- 9 | 10-12 | 13-15 || total
-------------------------+-------+-------+-------+-------+-------++-------
Melee: Unarmed           |    10 |    22 |   311 |   688 |  1155 ||  2186
       Rapier            |    12 |    24 |    14 |       |       ||    50
       Short sword       |    84 |    89 |       |     2 |       ||   175
       Dagger            |       |    27 |    97 |    29 |    12 ||   165
       Spear             |       |       |       |     1 |       ||     1
 Fire: Sling             |     3 |     8 |   128 |    76 |   157 ||   372
Throw: Throwing net      |       |       |     1 |     3 |     1 ||     5
       Dart              |       |       |     1 |     7 |       ||     8
       Javelin           |       |       |       |     1 |       ||     1
 Cast: Blade Hands       |       |       |       |       |     1 ||     1
Evoke: Wand              |       |     2 |     5 |     6 |     6 ||    19
       Phantom mirror    |       |       |       |     1 |       ||     1
  Use: Potion            |     1 |       |     1 |     1 |     1 ||     4
       Scroll            |     1 |       |     7 |     7 |     8 ||    23
 Stab: Sleeping          |     8 |     9 |     2 |     1 |     4 ||    24
       Held in net/web   |       |       |     1 |     1 |     1 ||     3
       Distracted        |       |       |     1 |     1 |     4 ||     6
       Petrified         |       |       |       |       |     1 ||     1
Armor: Leather armour    |    20 |    26 |    37 |       |    78 ||   161
       Scale mail        |       |       |   125 |    34 |       ||   159
       Ring mail         |       |       |    20 |   158 |     5 ||   183
       Troll leather arm |       |       |       |    93 |   216 ||   309
Dodge: Dodged            |    43 |    66 |   251 |   456 |   730 ||  1546
Block: Buckler           |    12 |    24 |    92 |   163 |   188 ||   479

Table legend: (Time is in decaauts)
 A = Elapsed time spent in this place.
 B = Non-inter-level travel time spent in this place.
 C = Inter-level travel time spent in this place.
 D = Time resting spent in this place.
 E = Time spent auto-exploring this place.
 F = Levels seen in this place.
 G = Mean time per level.
                   A        B        C        D        E       F      G
               +--------+--------+--------+--------+--------+-----+--------+
         Total |  27268 |  25799 |   1469 |   2987 |  14604 |  24 | 1136.2 |
       Dungeon |  14858 |  13946 |    912 |   1179 |   9015 |  13 | 1142.9 |
          Lair |   6445 |   5992 |    453 |    571 |   3301 |   5 | 1289.0 |
         Swamp |    373 |    373 |      0 |    165 |     80 |   1 |  373.0 |
  Orcish Mines |   2337 |   2233 |    104 |    325 |   1073 |   2 | 1168.5 |
        Bailey |   1210 |   1210 |      0 |     34 |    598 |   1 | 1210.0 |
      Ice Cave |   1664 |   1664 |      0 |    708 |    377 |   1 | 1664.0 |
       Volcano |    379 |    379 |      0 |      5 |    159 |   1 |  379.0 |
               +--------+--------+--------+--------+--------+-----+--------+

Top non-repeatable levels by time:
     D:4: 1924 daAuts
   Orc:2: 1668 daAuts
   IceCv: 1664 daAuts
  Lair:5: 1646 daAuts
     D:9: 1642 daAuts
  Lair:3: 1535 daAuts
    D:13: 1383 daAuts
    D:11: 1317 daAuts
  Bailey: 1210 daAuts
     D:5: 1176 daAuts
  Lair:2: 1174 daAuts
  Lair:4: 1113 daAuts
     D:6: 1093 daAuts
    D:10: 1033 daAuts
     D:3: 1026 daAuts
